 Dungeon Crawl Stone Soup version 0.29.1-2-gbd0b4ee654 (webtiles) character file.

Game seed: 11547265642894457566

4295 hawla the Thaumaturge (level 10, -3/115 HPs)
             Began as a Meteoran Ice Elementalist on Nov 25, 2022.
             Succumbed to a water moccasin's poison
             ... on level 8 of the Dungeon on Nov 26, 2022.
             The game lasted 00:25:12 (4606 turns).

hawla the Thaumaturge (Meteoran Ice Elementalist)   Turns: 4606, Time: 00:25:12

Health: -3/115     AC:  6    Str:  9    XL:     10   Next: 88%
Magic:  12/25      EV: 14    Int: 26    God:
Gold:   393        SH:  0    Dex: 14    Spells: 14/30 levels left

rFire   . . .      SeeInvis .   w - +3 flail (venom)
rCold   . . .      Faith    .   (no shield)
rNeg    . . .      Spirit   .   a - +1 robe
rPois   .          Reflect  .   c - +2 helmet {Int+3}
rElec   .          Harm     .   (no cloak)
rCorr   .          Rampage  .   (no gloves)
Will    +....                   (no boots)
Stlth   ..........              o - amulet of the acrobat
HPRegen 0.29/turn               (no ring)
MPRegen 0.19/turn               (no ring)

@: berserking, lethally poisoned (-3 -> -33), freezing walls, glowing, very
quick
A: sense surroundings 2, otherworldly, glowing, explore regen
a: no special abilities


You were on level 8 of the Dungeon.
You visited 1 branch of the dungeon, and saw 8 of its levels.
You also visited: Ossuary.

You collected 393 gold pieces.

Inventory:

Hand Weapons
 e - a +2 long sword of holy wrath
 w - a +3 flail of venom (weapon)
Armour
 a - a +1 robe (worn)
 c - a +2 helmet of intelligence (worn)
Magical Staves
 d - a staff of conjuration
Jewellery
 i - a ring of fire
 o - an amulet of the acrobat (around neck)
Wands
 k - a wand of flame (37)
Scrolls
 s - 3 scrolls of teleportation
 t - a scroll of fear {unknown}
Potions
 b - 4 potions of magic
 f - 2 potions of curing
 g - a potion of might {unknown}
 h - 2 potions of heal wounds {unknown}
 j - 2 potions of brilliance {unknown}
 l - 3 potions of flight
 m - a potion of ambrosia
 p - 2 potions of attraction
 q - a potion of resistance {unknown}
 r - a potion of mutation {unknown}
 u - 2 potions of degeneration {unknown}
 v - 2 potions of cancellation


   Skills:
 - Level 3.3 Fighting
 - Level 4.6(4.7) Maces & Flails
 - Level 0.8(2.7) Staves
 - Level 4.9 Dodging
 - Level 1.4 Stealth
 - Level 10.5 Spellcasting
 - Level 6.4 Conjurations
 + Level 3.1 Necromancy
 - Level 9.1 Ice Magic
 - Level 4.0 Earth Magic
 - Level 0.2 Evocations


You had 14 spell levels left.
You knew the following spells:

 Your Spells              Type           Power      Damage    Failure   Level
a - Freeze                Ice            100%       1d11      1%          1
b - Frozen Ramparts       Ice            100%       1d16      1%          3
c - Hailstorm             Conj/Ice       52%        3d12      1%          4
d - Stone Arrow           Conj/Erth      80%        3d12      1%          3
e - Borgnjor's Vile Clut  Necr/Erth      16%        N/A       28%         5

Your spell library contained the following spells:

 Spells                   Type           Power      Damage    Failure   Level
 Magic Dart               Conj           100%       1d8       1%          1
 Sandblast                Erth           68%        2d15      1%          1
 Searing Ray              Conj           94%        2d7       1%          2
 Ozocubu's Armour         Ice            57%        N/A       1%          3
 Passwall                 Tmut/Erth      20%        N/A       3%          2
 Blink                    Tloc           26%        N/A       7%          2
 Animate Dead             Necr           29%        N/A       12%         4
 Fulminant Prism          Conj/Hex       15%        3d11      12%         4
 Lesser Beckoning         Tloc           13%        N/A       13%         3
 Portal Projectile        Hex/Tloc       26%        N/A       13%         3
 Tukima's Dance           Hex            13%        N/A       13%         3
 Blade Hands              Tmut           6%         N/A       77%         5
 Manifold Assault         Tloc           13%        N/A       77%         5
 Death Channel            Necr           14%        N/A       88%         6


Dungeon Overview and Level Annotations

Branches:
Dungeon (8/15) Zot: 687      Lair (0/5) D:8         Ossuary (visited)
 Temple: D:4-7

Altars:
Fedhas
Okawaru
Qazlal
Sif Muna
Xom
The Shining One

Shops:
D:5 [


Innate Abilities, Weirdness & Mutations

You passively map the area around you.
You are easily found by Zot.
You glow in the dark.
You regain HP and MP as you explore.


Message History

Your Necromancy skill increases to level 1!
Unknown command.
You hit the water moccasin.
The water moccasin is almost dead.
You feel very sick.
The wall freezes the yak!
The wall freezes the water moccasin but does no damage.
The water moccasin closely misses you.
The wall freezes the wyvern.
You barely miss the yak.
The yak is lightly wounded.
* * * LOW HITPOINT WARNING * * *
You feel very sick.
The wall freezes the water moccasin.
The water moccasin bites you.
* * * LOW HITPOINT WARNING * * *
The wall freezes the wyvern.
The wyvern hisses menacingly.
A water moccasin comes into view.
The wall freezes the yak!
The yak gores you!
* * * LOW HITPOINT WARNING * * *
The wall freezes the water moccasin!
You kill the water moccasin!
The wall freezes the water moccasin but does no damage.
The water moccasin completely misses you.
Your Necromancy skill increases to level 2!
The water moccasin hisses angrily.
You thump the water moccasin!
The water moccasin is poisoned.
The water moccasin is heavily wounded.
* * * LOW HITPOINT WARNING * * *
You feel sick.
The wall freezes the wyvern!
You kill the wyvern!
The wall freezes the yak.
The yak completely misses you.
The wall freezes the water moccasin.
The water moccasin seems to slow down.
The water moccasin bites you.
* * * LOW HITPOINT WARNING * * *
You are more poisoned.
The water moccasin poisons you!
Your Necromancy skill increases to level 3!
You sock the yak!
The yak is poisoned.
The yak is almost dead.
You die...

......#.#* .......P♣.,
......#.# #.......>. ,,,
###..)#.# ####P...PS... ,,
###)).## #..#........., ,
##...#####..#..Y...P$.
#####........)...PY...P. ,
#...#.#.....#.#Y.P......,,
,
#...#.#.......Y†........,
, #...#.#.....#.@S.##.....
, # #..............####
.#.# * #
#...#.#...........#....#
###.....#.....)..........!
, (....#.##.....))........
# ,
###..#.####..##..###.... *
, ##....................
##..#.####...#.####.... ,
*, ##...#.##.†...#.# ,,..
* *,


You could see 4 yaks and 2 water moccasins.

Vanquished Creatures
  A two-headed ogre (D:8)
  Psyche (D:8)
  A wraith (Ossuary)
  Sigmund (D:2)
  A yak (D:8)
  3 wyverns (D:8)
  2 water moccasins (D:8)
  An orc warrior (D:7)
  2 ice beasts (D:6)
  A sky beast (D:7)
  3 ogres
  3 centaurs
  A phantom (D:6)
  An elf zombie (Ossuary)
  4 bullfrogs
  2 necrophages (D:5)
  4 wights (D:7)
  A howler monkey (D:6)
  5 jellies
  A hound (D:7)
  2 orc priests (D:8)
  An iguana (D:6)
  3 orc wizards
  2 mummies
  Robin (D:2)
  15 gnolls
  10 adders
  A white imp (D:6)
  An ufetubus (D:7)
  3 worms
  A dart slug (D:4)
  14 orcs
  3 bats
  6 endoplasms
  4 giant cockroaches
  15 goblins
  4 hobgoblins
  17 jackals
  7 kobolds
  2 quokkas
  4 ball pythons
  6 frilled lizards
  3 goblin zombies (Ossuary)
  3 hobgoblin zombies (Ossuary)
  A kobold zombie (Ossuary)
  An orc zombie (D:4)
  8 rats
177 creatures vanquished.

Vanquished Creatures (others)
  2 fungi (D:8)
  10 plants
12 creatures vanquished.

Grand Total: 189 creatures vanquished

Notes
Turn   | Place    | Note
-------+----------+-------------------------------------------
     0 | D:1      | hawla the Meteoran Ice Elementalist began the quest for the
                  | Orb.
     0 | D:1      | Reached XP level 1. HP: 14/14 MP: 5/5
    44 | D:1      | Reached XP level 2. HP: 12/20 MP: 2/6
   225 | D:1      | Reached skill level 3 in Spellcasting
   251 | D:1      | Reached XP level 3. HP: 26/26 MP: 6/8
   257 | D:1      | Reached skill level 5 in Ice Magic
   262 | D:1      | Learned a level 3 spell: Frozen Ramparts
   455 | D:1      | Found a faded altar of an unknown god.
   500 | D:1      | Glimpsed the power of Zot.
   507 | D:2      | Found a shimmering altar of Xom.
   549 | D:2      | Reached XP level 4. HP: 31/33 MP: 2/9
   764 | D:2      | Learned a level 4 spell: Hailstorm
   824 | D:2      | Noticed Sigmund
   834 | D:2      | Killed Sigmund
   835 | D:2      | Reached XP level 5. HP: 22/38 MP: 1/11
   835 | D:2      | Reached XP level 6. HP: 26/45 MP: 1/12
  1010 | D:2      | Noticed Robin
  1022 | D:2      | Killed Robin
  1100 | D:2      | Glimpsed the power of Zot.
  1122 | D:3      | Reached skill level 4 in Spellcasting
  1148 | D:3      | Found a shimmering blue altar of Sif Muna.
  1218 | D:3      | Reached XP level 7. HP: 32/50 MP: 2/14
  1434 | D:3      | Found an iron altar of Okawaru.
  1642 | D:4      | Found a sand-covered staircase.
  1654 | Ossuary  | Entered an ossuary
  1654 | Ossuary  | Noticed a wraith
  1654 | Ossuary  | Noticed a wraith
  1654 | Ossuary  | Noticed a wraith
  1664 | Ossuary  | Learned a level 3 spell: Stone Arrow
  1835 | Ossuary  | Reached skill level 5 in Spellcasting
  1972 | Ossuary  | Noticed a wraith
  2130 | Ossuary  | Glimpsed the power of Zot.
  2136 | Ossuary  | Killed a wraith
  2137 | Ossuary  | Reached XP level 8. HP: 13/58 MP: 0/17
  2396 | D:4      | Reached skill level 6 in Spellcasting
  2482 | D:4      | Found a stormy altar of Qazlal.
  2811 | D:4      | Glimpsed the power of Zot.
  2825 | D:5      | Entered Level 5 of the Dungeon
  2847 | D:5      | Found Icejouxt's Armour Shoppe.
  2850 | D:5      | Reached skill level 1 in Fighting
  2958 | D:5      | Reached skill level 5 in Conjurations
  3053 | D:5      | Reached skill level 1 in Earth Magic
  3393 | D:5      | Reached skill level 7 in Spellcasting
  3407 | D:5      | Glimpsed the power of Zot.
  3425 | D:6      | Gained mutation: You passively map the area around you.
                  | [Meteoran growth]
  3425 | D:6      | Reached XP level 9. HP: 56/64 MP: 8/21
  3474 | D:6      | Found a blossoming altar of Fedhas.
  3568 | D:6      | Reached skill level 8 in Spellcasting
  3608 | D:6      | Found a glowing golden altar of the Shining One.
  3856 | D:7      | Reached skill level 9 in Spellcasting
  3943 | D:7      | Reached skill level 1 in Maces & Flails
  4276 | D:7      | Reached XP level 10. HP: 73/73 MP: 13/24
  4424 | D:8      | Noticed a two-headed ogre
  4430 | D:8      | Killed a two-headed ogre
  4431 | D:8      | Reached skill level 10 in Spellcasting
  4563 | D:8      | Noticed Psyche
  4572 | D:8      | Killed Psyche
  4587 | D:8      | Learned a level 5 spell: Borgnjor's Vile Clutch
  4592 | D:8      | Found a staircase to the Lair.
  4603 | D:8      | Reached skill level 1 in Necromancy
  4605 | D:8      | HP: 3/115 [water moccasin (4)]
  4606 | D:8      | Succumbed to a water moccasin's poison

Illustrated notes

Levels and vault maps discovered:
D:1:      dpeg_arrival_windows_large_door, layout_basic,
          ebering_ecumenical_altar_ruins
D:2:      minmay_alternating_diamond, layout_loops_ring, basic_altar,
          uniq_robin, uniq_sigmund
D:3:      layout_rooms, mainiacjoe_overflow_paths, nicolae_sif_muna_condensation
D:4:      mumra_celtic_spiral_tile, layout_basic, mainiacjoe_overflow_brackets,
          nicolae_ossuary_entry_giza
D:5:      layout_basic, minmay_temple_entry_purple_smoke, serial_curves,
          eino_curves_01, eino_curves_01, eino_curves_03,
          grunt_decor_one_mirror, minmay_misc_feat_roman,
          nicolae_inconvenience_store
D:6:      layout_rooms, fedhas_ov_isle_minmay, tso_oasis_becter
D:7:      layout_loops_ring
D:8:      layout_rooms, minmay_lair_entry_grove, uniq_psyche

Skill      XL: |  1  2  3  4  5  6  7  8  9 10 |
---------------+-------------------------------+-----
Spellcasting   | 3 4 5 7 9 10 | 10.5
Ice Magic      | 5 6 7 8 9 |  9.1
Conjurations   | 4 5 6 |  6.4
Dodging        | 3 4 |  4.9
Fighting       | 1 2 3 |  3.3
Earth Magic    | 1 2 4 |  4.0
Maces & Flails | 1 4 |  4.6
Necromancy     | 3 |  3.1
Staves         | |  0.8
Stealth        | |  1.4
Evocations     | |  0.2

Action                   |  1- 3 |  4- 6 |  7- 9 | 10-12 || total
-------------------------+-------+-------+-------+-------++-------
Melee: Unarmed           |     8 |     5 |    27 |       ||    40
       Staff             |       |       |    30 |       ||    30
       Flail             |       |       |    33 |    22 ||    55
       Punch             |       |       |     1 |       ||     1
 Cast: Freeze            |    28 |    21 |    19 |       ||    68
       Frozen Ramparts   |     8 |    16 |    29 |     4 ||    57
       Hailstorm         |       |     2 |    12 |     6 ||    20
       Stone Arrow       |       |       |    47 |     7 ||    54
Evoke: Wand              |       |       |       |     1 ||     1
  Use: Scroll            |     3 |     4 |    12 |     2 ||    21
       Potion            |       |       |     4 |     1 ||     5
Armor: Robe              |     7 |     6 |    48 |     7 ||    68
Dodge: Dodged            |    17 |    13 |   124 |    16 ||   170
